 Dungeon Crawl Stone Soup version 0.30-a0-800-g7c544603b3 (webtiles) character file.

Game seed: 9402228779709153671

330676 pokeman the Archmage (level 21, -13/122 HPs)
             Began as a Deep Elf Hedge Wizard on Feb 20, 2023.
             Was the Champion of Vehumet.
             Mangled by a caustic shrike (18 damage)
             ... on level 4 of the Depths on Feb 21, 2023.
             The game lasted 03:14:49 (47758 turns).

pokeman the Archmage (Deep Elf Hedge Wizard)       Turns: 47758, Time: 03:14:49

Health: -13/122    AC: 29    Str: 13    XL:     21   Next: 17%
Magic:  28/63      EV: 11    Int: 44    God:    Vehumet [******]
Gold:   3375       SH:  7    Dex: 11    Spells: 16/74 levels left

rFire   + . .      SeeInvis +    Q - staff of conjuration
rCold   + . .      Faith    .    A - +2 buckler
rNeg    + + .      Spirit   .    U - +15 Cigotuvi's embrace {Corpsefed rMiasma Drain rN+}
rPois   .          Reflect  .    S - +2 helmet {SInv}
rElec   +          Harm     .    T - +2 cloak {rCorr}
rCorr   +          Rampage  .    I - +1 pair of gloves of Valiance {rC+}
Will    +++++      Clarity  +    r - +1 pair of boots of the Trombone {rElec MP+9 Str+2 Int+4 Dex-3}
Stlth   ++                       z - amulet of the Four Winds {rN+ Will+++ Clar}
HPRegen 0.40/turn                o - +6 ring of intelligence
MPRegen 0.38/turn                y - ring "Xeliq" {+Blink rF+ Str+4 Int+3 SInv}

@: lethally poisoned (-13 -> -19), marked, studying Conjurations
A: deformed body
}: 1/15 runes: barnacled
a: Renounce Religion, Evoke Blink


You were on level 4 of the Depths.
You worshipped Vehumet.
Vehumet was exalted by your worship.
You visited 7 branches of the dungeon, and saw 34 of its levels.
You visited 2 bazaars.
You also visited: Sewer, Ossuary, Gauntlet, Ice Cave and Volcano.

You collected 6731 gold pieces.
You spent 3356 gold pieces at shops.

Inventory:

Hand Weapons
 R - the +13 scythe of Curses {drain, curses, Drain}
   (You took it off a merfolk aquamancer on level 4 of the Shoals)

   Drain:     It drains your maximum health when unequipped.
Missiles
 u - 21 curare-tipped darts
Armour
 k - +0 ice dragon scales
 r - the +1 pair of boots of the Trombone (worn) {rElec MP+9 Str+2 Int+4 Dex-3}
   (You bought it in a shop in a bazaar)

   Str:       It affects your strength (+2).
   Int:       It affects your intelligence (+4).
   Dex:       It affects your dexterity (-3).
   rElec:     It insulates you from electricity.
   MP:        It affects your magic capacity (+9).
 A - a +2 buckler (worn)
 B - a scarf of repulsion
 I - the +1 pair of gloves of Valiance (worn) {rC+}
   (You found it on level 15 of the Dungeon)

   rC:        It protects you from cold.
 J - a +0 buckler of positive energy
 K - a +0 buckler of protection
 S - a +2 helmet of see invisible (worn)
 T - a +2 cloak of preservation (worn)
 U - the +15 Cigotuvi's embrace (worn) {Corpsefed rMiasma Drain rN+}
   (You took it off a merfolk on level 4 of the Shoals)

   Corpsefed: It gathers nearby corpses to temporarily increase the armour it
   provides.
   rMiasma:   It protects you from foul pestilence.
   rN:        It protects you from negative energy.
   Drain:     It drains your maximum health when unequipped.
Magical Staves
 Q - a staff of conjuration (weapon)
Jewellery
 i - the ring "Etoluott" {Fly Str-3 Int+3 Dex+8}
   (You acquired it on level 1 of the Orcish Mines)

   [ring of flight]

   Str:       It affects your strength (-3).
   Int:       It affects your intelligence (+3).
   Dex:       It affects your dexterity (+8).
   Fly:       It grants you flight.
 n - a ring of fire
 o - a +6 ring of intelligence (left hand)
 v - an amulet of magic regeneration
 y - the ring "Xeliq" (right hand) {+Blink rF+ Str+4 Int+3 SInv}
   (You found it in a Gauntlet)

   [ring of protection from fire]

   Str:       It affects your strength (+4).
   Int:       It affects your intelligence (+3).
   rF:        It protects you from fire.
   SInv:      It lets you see invisible.
   +Blink:    It lets you blink.
 z - the amulet of the Four Winds (around neck) {rN+ Will+++ Clar}
   (You bought it in a shop in a bazaar)

   [amulet of nothing]

   rN:        It protects you from negative energy.
   Clar:      It protects you against confusion.
   Will:      It greatly increases your willpower.
 E - a ring of poison resistance
 G - an amulet of guardian spirit
 H - a +5 ring of evasion
 O - a ring of protection from cold
 V - the amulet "Igoemaj" {Acrobat rN+}
   (You found it on level 3 of the Depths)

   [amulet of the acrobat]

   It increases your evasion while moving and waiting.
   rN:        It protects you from negative energy.
Wands
 h - a wand of light (25)
 j - a wand of polymorph (22)
 q - a wand of flame (7)
 x - a wand of roots (53)
 L - a wand of digging (6)
Scrolls
 a - 7 scrolls of blinking
 g - 2 scrolls of amnesia
 s - 22 scrolls of teleportation
 w - 2 scrolls of magic mapping
 D - a scroll of brand weapon
 F - a scroll of fear
 P - a scroll of fog
Potions
 b - a potion of brilliance
 c - 19 potions of curing
 d - 3 potions of magic
 e - 15 potions of heal wounds
 l - a potion of resistance
 t - 4 potions of haste
Miscellaneous
 f - a piece from Xom's chessboard (15/15)
 m - a phantom mirror
 p - a condenser vane
 C - a phial of floods
 M - a phantom mirror
 N - a lightning rod (4/4)


   Skills:
 - Level 10.0 Fighting
 + Level 10.3 Armour
 - Level 3.0 Dodging
 - Level 3.1 Stealth
 - Level 6.0 Shields
 O Level 27 Spellcasting
 * Level 20.9 Conjurations
 - Level 10.0 Summonings
 - Level 11.0 Necromancy
 - Level 1.1 Translocations
 + Level 16.0 Fire Magic
 - Level 2.0 Ice Magic
 - Level 1.0 Air Magic
 - Level 10.0 Earth Magic
 - Level 1.1 Poison Magic
 - Level 1.0 Evocations


You had 16 spell levels left.
You knew the following spells:

 Your Spells              Type           Power      Damage    Failure   Level
a - Magic Dart            Conj           100%       1d8       0%          1
b - Mephitic Cloud        Conj/Pois/Air  100%       N/A       1%          3
c - Call Imp              Summ           99%        N/A       0%          2
d - Blink                 Tloc           100%       N/A       1%          2
e - Fireball              Conj/Fire      73%        3d27      0%          5
f - Lee's Rapid Deconstr  Erth           49%        3d23*     1%          5
g - Iron Shot             Conj/Erth      69%        9d13      1%          6
h - Flame Wave            Conj/Fire      100%       2d21      0%          4
i - Starburst             Conj/Fire      73%        6d19      1%          6
j - Iskenderun's Mystic   Conj/Tloc      100%       2d19      1%          4
k - Freezing Cloud        Conj/Ice/Air   57%        6-21      1%          5
l - Haunt                 Necr/Summ      50%        N/A       4%          7
m - Ignition              Fire           58%        3d16      1%          8

Your spell library contained the following spells:

 Spells                   Type           Power      Damage    Failure   Level
 Chain Lightning          Conj/Air       62%        3d83      67%         9
 Polar Vortex             Ice            33%        N/A       100%        9
 Foxfire                  Conj/Fire      100%       2x1d9     0%          1
 Kiss of Death            Conj/Necr      100%       2d13      0%          1
 Necrotise                Necr           100%       1d9       0%          1
 Sandblast                Erth           100%       2d20      0%          1
 Summon Small Mammal      Summ           100%       N/A       0%          1
 Momentum Strike          Conj/Tloc      100%       3d10      0%          2
 Scorch                   Fire           100%       2d10      0%          2
 Static Discharge         Conj/Air       100%       2-7/arc   0%          2
 Sublimation of Blood     Necr           100%       N/A       0%          2
 Dazzling Flash           Conj/Hex       100%       N/A       0%          3
 Stone Arrow              Conj/Erth      100%       3d13      0%          3
 Vampiric Draining        Necr           100%       2d13      0%          3
 Sticky Flame             Conj/Fire      100%       2d11      0%          4
 Slow                     Hex            100%       N/A       1%          1
 Cigotuvi's Dreadful Rot  Necr/Pois/Air  100%       N/A       1%          2
 Ensorcelled Hibernation  Hex/Ice        100%       N/A       1%          2
 Lesser Beckoning         Tloc           100%       N/A       1%          2
 Passwall                 Tmut/Erth      66%        N/A       1%          2
 Call Canine Familiar     Summ           99%        N/A       1%          3
 Confusing Touch          Hex            56%        N/A       1%          3
 Gell's Gravitas          Tloc           62%        N/A       1%          3
 Inner Flame              Hex/Fire       92%        N/A       1%          3
 Kindle Blastsparks       Fire/Tloc/Air  100%       2d18      1%          3
 Portal Projectile        Hex/Tloc       100%       N/A       1%          3
 Spider Form              Tmut/Pois      59%        N/A       1%          3
 Summon Guardian Golem    Hex/Summ       80%        N/A       1%          3
 Teleport Other           Tloc           62%        N/A       1%          3
 Vhi's Electric Charge    Tloc/Air       100%       N/A       1%          3
 Anguish                  Hex/Necr       41%        N/A       1%          4
 Animate Armour           Summ/Erth      100%       N/A       1%          4
 Animate Dead             Necr           100%       N/A       1%          4
 Dispel Undead            Necr           100%       3d31      1%          4
 Fulminant Prism          Conj/Hex       61%        3d26      1%          4
 Leda's Liquefaction      Hex/Erth       40%        N/A       1%          4
 Olgreb's Toxic Radiance  Pois           62%        N/A       1%          4
 Petrify                  Tmut/Erth      80%        N/A       1%          4
 Summon Lightning Spire   Summ/Air       83%        N/A       1%          4
 Agony                    Necr           100%       N/A       1%          5
 Arcjolt                  Conj/Air       62%        1d72      1%          5
 Borgnjor's Vile Clutch   Necr/Erth      50%        N/A       1%          5
 Irradiate                Conj/Tmut      61%        3d32      1%          5
 Lightning Bolt           Conj/Air       62%        1d86      1%          5
 Summon Forest            Summ/Tloc      41%        N/A       1%          5
 Summon Mana Viper        Hex/Summ       80%        N/A       1%          5
 Conjure Ball Lightning   Conj/Air       62%        3x3d22    1%          6
 Summon Cactus Giant      Summ           49%        N/A       1%          6
 Lehudib's Crystal Spear  Conj/Erth      69%        10d16     1%          8
 Manifold Assault         Tloc           62%        N/A       2%          4
 Yara's Violent Unravell  Hex/Tmut       28%        3d12      2%          5
 Simulacrum               Ice/Necr       43%        N/A       3%          6
 Summon Hydra             Summ           49%        N/A       4%          7
 Metabolic Englaciation   Hex/Ice        31%        N/A       6%          5
 Statue Form              Tmut/Erth      53%        N/A       7%          6
 Alistair's Intoxication  Tmut/Pois      39%        N/A       8%          5
 Blade Hands              Tmut           28%        N/A       10%         5
 Eringya's Noxious Bog    Tmut/Pois      29%        N/A       12%         6
 Borgnjor's Revivificati  Necr           51%        N/A       26%         8
 Infestation              Necr           51%        N/A       26%         8
 Malign Gateway           Summ/Tloc      41%        N/A       30%         7
 Ozocubu's Refrigeration  Ice            33%        4d14      32%         7
 Dispersal                Tloc           31%        N/A       34%         6
 Summon Horrible Things   Summ           49%        N/A       36%         8
 Shatter                  Erth           49%        3d38*     78%         9
 Storm Form               Tmut/Air       29%        N/A       94%         7
 Dragon Form              Tmut           28%        N/A       96%         7
 Maxwell's Capacitive Co  Air            31%        ∞         97%         8
 Discord                  Hex            28%        N/A       100%        8
 Disjunction              Tloc           31%        N/A       100%        8


Dungeon Overview and Level Annotations

Branches:
Dungeon (15/15)            Temple (1/1) D:5            Lair (5/5) D:10
 Shoals (4/4) Lair:2        Snake (0/4) Lair:2        Slime (0/5) Lair:4
    Orc (2/2) D:10            Elf (3/3) Orc:2        Vaults (0/5) D:13
 Depths (4/4) D:15          Sewer (visited)         Ossuary (visited)
  IceCv (visited)         Volcano (visited)         Gauntlet (visited)
    Zot: Depths:4

Altars:
Ashenzari
Cheibriados
Dithmenos
Fedhas
Gozag
Hepliaklqana
Kikubaaqudgha
Makhleb
Nemelex Xobeh
Okawaru
Qazlal
Ru
Sif Muna
Uskayaw
Vehumet
Xom
Zin
The Shining One
Jiyva

Shops:
D:10 (   Orc:1 ?   Orc:2 *([=*   Elf:1 *   Depths:2 [(*

Portals:
Hell: Depths:1 Depths:2 Depths:3 Depths:4
Abyss: Depths:1 Depths:2 Depths:3 Depths:4
Pandemonium: Depths:2
Ziggurat: Depths:4


Innate Abilities, Weirdness & Mutations

Armour fits poorly on your strangely shaped body.


Message History

* * * LOW HITPOINT WARNING * * *
You feel very sick.
The caustic shrike claws you but does no damage.
Your Fire Magic skill increases to level 16!
Casting: Ignition (dangerous; 1% risk of failure)
Confirm with . or Enter, or press ? or * to list all spells.
Casting: Ignition (dangerous; 1% risk of failure)
Press: ? - help, Dir - look around, f - activate The air bursts into flame!
The fireball engulfs the caustic shrike!
The caustic shrike resists.
You kill the caustic shrike!
Vehumet accepts your kill.
You feel your power returning.
The fireball engulfs the caustic shrike!
The caustic shrike resists.
The caustic shrike is almost dead.
The fireball engulfs the caustic shrike!
The caustic shrike resists.
The caustic shrike is heavily wounded.
The fireball engulfs the deep troll!!
The deep troll is heavily wounded.
The fireball engulfs the caustic shrike!
The caustic shrike resists.
You kill the caustic shrike!
Vehumet accepts your kill.
* * * LOW HITPOINT WARNING * * *
You feel very sick.
Unknown command.
Casting: Ignition (dangerous; 1% risk of failure)
Confirm with . or Enter, or press ? or * to list all spells.
Aiming: Iron Shot (safe; 1% risk of failure)
Press: ? - help, Shift-Dir - straight line, f - caustic shrike
Aim: a caustic shrike (heavily wounded, 63% to hit)
You feel a surge of power!
The iron shot misses the caustic shrike.
A chunk of your corpse armour falls away.
* * * LOW HITPOINT WARNING * * *
You feel sick. The caustic shrike claws you!!
You die...

. . #### . #.q #.#
########################q## T[
(...............@b...#○°○☼## #T#D
######.###.#########T..##..#.....
#.# #.# ##########.T.# #.
#.###.######.........#.D..#
#.........##.........####D#.
#.........##.........# ...
#.........##...!.....# #.
#.........##.........# #.
#.........##...D.....# ##


You could see a caustic shrike and a deep troll.

Vanquished Creatures
  A dread lich (Depths:2)
  An ancient lich (Depths:2)
  A juggernaut (Depths:3)
  6 caustic shrikes
  4 golden dragons
  Jorgrun (Shoals:1)
  An Ice Fiend (IceCv)
  Asterion (Depths:2)
  3 tentacled monstrosities
  4 deep elf blademasters (Elf:3)
  A walking crystal tome (Depths:3)
  3 liches
  5 deep elf master archers (Elf:3)
  A walking frostbound tome (Depths:3)
  3 krakens
  2 sphinxes (Depths:3)
  Polyphemus (Shoals:2)
  5 tengu reavers
  The ghost of asti the Severer, an adept MiBe of Trog (Shoals:2)
  A shadow dragon (Depths:3)
  Donald (Shoals:1)
  Ilsuiw (Shoals:2)
  A draconian monk (Depths:4)
  6 frost giants (Depths:3)
  6 fire giants
  9 deep elf sorcerers
  3 deep elf elementalists (Elf:3)
  7 stone giants
  5 spriggan defenders
  16 very ugly things
  3 vampire knights
  A green draconian (Depths:4)
  6 deep elf demonologists
  A black draconian (Depths:4)
  6 spark wasps
  5 deep elf annihilators (Elf:3)
  A minotaur (Gauntlet)
  Snorg (Orc:2)
  3 jiangshi (Depths:3)
  4 deep elf death magi
  2 merfolk javelineers (Shoals:4)
  13 merfolk impalers
  A blizzard demon (Depths:2)
  Josephine (Orc:1)
  5 fire dragons
  A great orb of eyes (shapeshifter) (Depths:3)
  An ettin (Depths:3)
  2 great orbs of eyes (Shoals:2)
  A caustic shrike simulacrum (IceCv)
  3 centaur warriors
  4 hydras
  9 ice dragons
  5 catoblepae
  6 spriggan air magi
  Erolcha (Orc:1)
  2 deep elf high priests (Elf:3)
  5 merfolk avatars
  4 rakshasas (Depths:3)
  5 alligator snapping turtles
  21 dancing weapons
  9 death yaks
  4 satyrs
  6 merfolk aquamancers
  14 deep troll earth magi
  4 tengu warriors
  10 deep troll shamans
  4 orc high priests
  8 spriggan berserkers
  5 vampire magi
  18 deep elf knights
  Sonja (Orc:2)
  11 spriggans
  2 sixfirhies (Depths:2)
  7 iron trolls
  6 skeletal warriors
  6 skysharks
  3 glowing orange brains
  2 flayed ghosts
  A sea snake (shapeshifter) (Elf:3)
  11 sea snakes
  17 deep trolls
  4 phantasmal warriors (Depths:3)
  An obsidian statue (IceCv)
  15 deep elf archers
  2 wizards (Depths:2)
  10 spriggan simulacra (IceCv)
  A bog body (IceCv)
  20 harpies
  A necromancer (D:15)
  3 lindwurms
  28 deep elf pyromancers
  37 deep elf zephyrmancers
  An oklob plant (D:14)
  5 orc sorcerers
  7 orc knights
  A fire giant zombie (D:15)
  6 fauns (Shoals:3)
  17 ugly things
  A cyclops (shapeshifter) (D:11)
  25 manticores
  A toenail golem (Volcano)
  2 stone giant zombies (D:15)
  A moth of wrath (Gauntlet)
  8 cyclopes
  3 black mambas
  9 elephants
  3 water nymphs
  10 merfolk sirens
  Joseph (D:8)
  Maurice (D:8)
  An apocalypse crab (Shoals:2)
  2 smoke demons (Depths:2)
  13 cane toads
  2 molten gargoyles (Volcano)
  2 gargoyles (D:12)
  2 kobold demonologists
  4 rime drakes
  5 komodo dragons
  2 anaconda simulacra (IceCv)
  6 freezing wraiths
  11 tengu conjurers
  A golden dragon simulacrum (IceCv)
  A guardian mummy (D:15)
  2 efreet (Volcano)
  7 ice devils
  A hellwing (Depths:2)
  13 trolls
  33 merfolk
  A queen bee (Gauntlet)
  3 meliai (D:13)
  12 hornets
  2 polar bears
  A wind drake (shapeshifter) (Depths:3)
  12 blink frogs
  8 wind drakes
  A spriggan zombie (D:15)
  A snapping turtle (shapeshifter) (Depths:3)
  Grinder (D:3)
  5 dream sheep (Shoals:1)
  A slime creature (D:13)
  9 snapping turtles
  8 shadows
  18 water elementals
  5 air elementals
  A dire elephant simulacrum (IceCv)
  4 wyverns
  44 yaks
  6 fire elementals
  7 wraiths
  5 basilisks
  A golden eye (Lair:1)
  A steam dragon (Lair:2)
  A neqoxec (Depths:2)
  9 minotaur simulacra (IceCv)
  14 vampire mosquitoes
  A warg (Orc:1)
  4 nagas (Lair:2)
  A harpy simulacrum (IceCv)
  3 acid dragons
  7 water moccasins
  A hydra simulacrum (IceCv)
  A floating eye (shapeshifter) (D:15)
  A hornet zombie (Ossuary)
  Pargi (Sewer)
  8 black bears
  41 orc warriors
  A sky beast (D:7)
  A black bear (shapeshifter) (D:14)
  8 wolves
  10 centaurs
  3 ogres
  A kobold brigand (D:9)
  2 wyvern zombies (Ossuary)
  7 bullfrogs
  5 deep troll simulacra (IceCv)
  A necrophage (D:8)
  5 earth elementals
  An elf skeleton (D:7)
  3 scorpions
  A gnoll sergeant (D:11)
  A water moccasin zombie (Ossuary)
  6 wights (D:8)
  21 killer bees
  6 lindwurm simulacra (IceCv)
  4 bullfrog zombies (Ossuary)
  3 centaur zombies (Ossuary)
  3 hounds
  5 jellies
  16 orc priests
  A gnoll bouda (D:7)
  An iguana (D:7)
  29 orc wizards
  A killer bee zombie (Ossuary)
  6 mummies (Ossuary)
  8 adders
  10 gnolls
  A shadow imp (D:5)
  3 white imps
  3 ufetubi
  4 dart slugs
  71 orcs
  6 endoplasms
  2 giant cockroaches
  7 goblins
  6 hobgoblins
  3 jackals (D:4)
  12 kobolds
  2 quokkas
  3 training dummies (D:10)
  6 ball pythons
  4 bats
  6 frilled lizards
  3 orc skeletons (D:7)
  2 orc zombies (D:7)
  5 rats
  A spectral goblin (D:9)
  2 bushes (D:14)
  4 fire vortices (Volcano)
  6 tentacles
1287 creatures vanquished.

Vanquished Creatures (collateral kills)
  A yak (Lair:3)
  2 water moccasins (D:7)
  A wight (D:8)
  A killer bee (D:8)
  A bullfrog zombie (Ossuary)
  2 centaur zombies (Ossuary)
  An orc wizard (D:8)
  A gnoll (D:2)
  A worm (D:2)
  An orc (D:8)
  A goblin (D:3)
13 creatures vanquished.

Vanquished Creatures (others)
  A deep elf knight (Elf:2)
  A fire elemental (Elf:1)
  A killer bee (D:8)
  22 fungi
  126 plants
  11 tentacles
  10 withered plants
172 creatures vanquished.

Grand Total: 1472 creatures vanquished

Notes
Turn   | Place    | Note
-------+----------+-------------------------------------------
     0 | D:1      | pokeman the Deep Elf Hedge Wizard began the quest for the
                  | Orb.
     0 | D:1      | Reached XP level 1. HP: 10/10 MP: 7/7
   435 | D:1      | Reached XP level 2. HP: 11/16 MP: 2/9
  1264 | D:2      | Reached skill level 5 in Spellcasting
  1264 | D:2      | Reached XP level 3. HP: 20/20 MP: 4/11
  1268 | D:2      | Learned a level 3 spell: Mephitic Cloud
  1271 | D:2      | Learned a level 2 spell: Call Imp
  1274 | D:2      | Learned a level 2 spell: Blink
  1683 | D:2      | Reached skill level 1 in Armour
  1694 | D:2      | Reached skill level 1 in Fighting
  1707 | D:2      | Reached XP level 4. HP: 22/25 MP: 0/13
  2555 | D:3      | Noticed Grinder
  2639 | D:3      | Identified the +3 scale mail of Satonk {rCorr Int+3}
  3387 | D:3      | Reached skill level 6 in Spellcasting
  3577 | D:3      | Killed Grinder
  3578 | D:3      | Reached skill level 5 in Conjurations
  3578 | D:3      | Reached XP level 5. HP: 25/29 MP: 2/15
  3578 | D:3      | Reached XP level 6. HP: 29/34 MP: 2/17
  3982 | D:4      | Learned a level 4 spell: Iskenderun's Mystic Blast
  3988 | D:4      | Learned a level 5 spell: Lee's Rapid Deconstruction
  4517 | D:5      | Entered Level 5 of the Dungeon
  4563 | D:4      | Reached skill level 1 in Air Magic
  4668 | D:5      | Found a staircase to the Ecumenical Temple.
  4676 | Temple   | Entered the Ecumenical Temple
  4684 | Temple   | Became a worshipper of Vehumet
  4744 | D:5      | Found a glowing drain.
  4750 | Sewer    | Entered a sewer
  4880 | Sewer    | Noticed Pargi
  4894 | Sewer    | Killed Pargi
  4895 | Sewer    | Reached XP level 7. HP: 32/38 MP: 13/19
  5018 | D:5      | Reached skill level 1 in Earth Magic
  5107 | D:5      | Reached skill level 7 in Spellcasting
  5111 | D:5      | Reached skill level 1 in Evocations
  5213 | D:5      | Found a stormy altar of Qazlal.
  5224 | D:5      | Reached skill level 1 in Poison Magic
  5445 | D:5      | Reached skill level 1 in Shields
  5448 | D:5      | Reached * piety under Vehumet
  5448 | D:5      | Offered knowledge of Kiss of Death by Vehumet.
  5925 | D:6      | HP: 1/38 [poisoned by a water moccasin]
  5927 | D:6      | Reached skill level 8 in Spellcasting
  5927 | D:6      | Reached XP level 8. HP: 15/43 MP: 16/22
  5975 | D:6      | Found a blossoming altar of Fedhas.
  6482 | D:7      | Reached skill level 9 in Spellcasting
  6676 | D:7      | Found a sand-covered staircase.
  6682 | Ossuary  | Entered an ossuary
  6719 | Ossuary  | Offered knowledge of Static Discharge by Vehumet.
  6763 | Ossuary  | Reached ** piety under Vehumet
  6773 | Ossuary  | Reached skill level 10 in Spellcasting
  6788 | Ossuary  | Reached XP level 9. HP: 44/47 MP: 23/25
  7769 | D:7      | Reached skill level 11 in Spellcasting
  8449 | D:8      | Found a glowing golden altar of the Shining One.
  8671 | D:8      | Offered knowledge of Hailstorm by Vehumet.
  8705 | D:8      | Noticed Maurice
  8740 | D:8      | Reached *** piety under Vehumet
  8751 | D:8      | Reached skill level 5 in Summonings
  8774 | D:8      | Killed Maurice
  8938 | D:8      | Noticed Joseph
  8975 | D:8      | Killed Joseph
  8976 | D:8      | Reached skill level 12 in Spellcasting
  8976 | D:8      | Reached XP level 10. HP: 38/56 MP: 8/28
  9116 | D:8      | Found a broken altar of Ashenzari.
  9242 | D:8      | Found a shimmering altar of Xom.
  9633 | D:8      | Offered knowledge of Ignite Poison by Vehumet.
 10023 | D:9      | Reached skill level 13 in Spellcasting
 10139 | D:9      | Reached **** piety under Vehumet
 10177 | D:9      | Identified a scroll of acquirement
 10535 | D:9      | Found a hazy altar of Hepliaklqana.
 10948 | Temple   | Acquired 1114 gold pieces
 11097 | D:10     | Entered Level 10 of the Dungeon
 11097 | D:10     | Found a staircase to the Orcish Mines.
 11135 | D:10     | Offered knowledge of Sticky Flame by Vehumet.
 11584 | D:10     | Found Ymimm's Firing Range.
 11716 | D:10     | Noticed an elephant
 11741 | D:10     | Killed an elephant
 11742 | D:10     | Reached skill level 14 in Spellcasting
 11747 | D:10     | Reached skill level 5 in Earth Magic
 11772 | D:10     | Found a staircase to the Lair.
 11801 | D:10     | Reached XP level 11. HP: 59/60 MP: 31/31
 12165 | D:10     | Found an ancient bone altar of Kikubaaqudgha.
 12170 | D:10     | Found a burning altar of Makhleb.
 12332 | D:11     | Noticed a centaur warrior
 12490 | Lair:1   | Entered Level 1 of the Lair of Beasts
 13536 | Lair:2   | Reached skill level 15 in Spellcasting
 13643 | Lair:2   | Found a staircase to the Shoals.
 13936 | Lair:2   | Reached skill level 10 in Conjurations
 13970 | Lair:2   | Reached ***** piety under Vehumet
 14176 | Lair:2   | Offered knowledge of Yara's Violent Unravelling by Vehumet.
 14431 | Lair:2   | Noticed a six-headed hydra
 15096 | Lair:2   | Killed a six-headed hydra
 15097 | Lair:2   | Reached skill level 16 in Spellcasting
 15097 | Lair:2   | Reached XP level 12. HP: 64/64 MP: 19/34
 15164 | Lair:2   | Found a staircase to the Snake Pit.
 15567 | Lair:3   | Noticed an eight-headed hydra
 15571 | Lair:3   | Noticed a seven-headed hydra
 15805 | Lair:3   | Killed a seven-headed hydra
 16226 | Lair:3   | Killed an eight-headed hydra
 16294 | Lair:3   | Reached skill level 5 in Shields
 16829 | Lair:4   | Reached skill level 17 in Spellcasting
 17423 | Lair:4   | Found a staircase to the Slime Pits.
 17527 | Lair:4   | Found a viscous altar of Jiyva.
 18067 | Lair:5   | Entered Level 5 of the Lair of Beasts
 18493 | Lair:5   | Reached skill level 18 in Spellcasting
 18498 | Lair:5   | Reached XP level 13. HP: 72/72 MP: 15/37
 18825 | Lair:5   | Offered knowledge of Iron Shot by Vehumet.
 18833 | Lair:5   | Learned a level 6 spell: Iron Shot
 18854 | Lair:5   | Reached skill level 5 in Fighting
 19556 | Lair:5   | Reached skill level 19 in Spellcasting
 20552 | D:11     | Reached skill level 5 in Armour
 20552 | D:11     | Reached skill level 10 in Earth Magic
 20605 | D:11     | Learned a level 4 spell: Flame Wave
 20831 | D:11     | Reached skill level 1 in Fire Magic
 21099 | D:12     | Found a gate leading to a gauntlet.
 21106 | Gauntlet | Entered a Gauntlet
 21106 | Gauntlet | Found a transporter.
 21106 | Gauntlet | Found a transporter.
 21108 | Gauntlet | Found a transporter.
 21108 | Gauntlet | Found a transporter.
 21109 | Gauntlet | Found a large runed translucent door.
 21110 | Gauntlet | Found a large runed translucent door.
 21111 | Gauntlet | Found a large runed translucent door.
 21111 | Gauntlet | Found a large runed translucent door.
 21111 | Gauntlet | Found a transporter.
 21111 | Gauntlet | Found a runed translucent door.
 21112 | Gauntlet | Found a large runed translucent door.
 21113 | Gauntlet | Found a large runed translucent door.
 21114 | Gauntlet | Found a large runed translucent door.
 21114 | Gauntlet | Found a large runed translucent door.
 21115 | Gauntlet | Found a runed translucent gate.
 21115 | Gauntlet | Found a runed translucent gate.
 21123 | Gauntlet | Found a transporter.
 21123 | Gauntlet | Found a transporter.
 21124 | Gauntlet | Found a transporter.
 21126 | Gauntlet | Found a transporter.
 21135 | Gauntlet | Found a transporter.
 21140 | Gauntlet | Found a transporter.
 21169 | Gauntlet | Found a runed translucent gate.
 21170 | Gauntlet | Found a large runed translucent door.
 21170 | Gauntlet | Found a large runed translucent door.
 21171 | Gauntlet | Found a large runed translucent door.
 21172 | Gauntlet | Found a large runed translucent door.
 21173 | Gauntlet | Found a large runed translucent door.
 21173 | Gauntlet | Found a large runed translucent door.
 21173 | Gauntlet | Found a runed translucent door.
 21174 | Gauntlet | Found a large runed translucent door.
 21175 | Gauntlet | Found a large runed translucent door.
 21191 | Gauntlet | Found a transporter.
 21376 | Gauntlet | Identified the ring "Xeliq" {+Blink rF+ Str+4 Int+3 SInv}
 21423 | Gauntlet | Noticed a minotaur
 21452 | Gauntlet | Killed a minotaur
 21485 | Gauntlet | Identified the +6 mace "Jellyslayer" {distort, Dex+3}
 21508 | Gauntlet | Learned a level 6 spell: Starburst
 21556 | D:12     | Reached XP level 14. HP: 78/78 MP: 27/39
 21754 | D:12     | Reached skill level 20 in Spellcasting
 21843 | D:12     | Found an iron altar of Okawaru.
 21886 | D:12     | Offered knowledge of Spellforged Servitor by Vehumet.
 21941 | D:12     | Identified the +2 glaive of Outrage {antimagic, rF+ Int+3}
 21949 | D:12     | Identified the +3 rapier of False Hope {venom, rElec rF+}
 22157 | D:12     | Identified the +3 long sword "Xenucwax" {antimagic, rF- rC+
                  | Will+ Stlth+}
 22220 | D:12     | Found the +4 robe of Augmentation {Str+4 Int+4 Dex+4}
 23442 | D:13     | Found a gate to the Vaults.
 23513 | D:13     | Found a transporter.
 23547 | D:13     | Found a transporter.
 23605 | D:13     | Found a transporter.
 23799 | D:13     | Found a transporter.
 24378 | D:14     | Identified the +2 great mace "Xugem" {heavy, rPois Int+5
                  | Dex+2}
 24401 | D:14     | Found a frozen archway.
 24408 | IceCv    | Entered an ice cave
 24623 | IceCv    | Reached skill level 21 in Spellcasting
 24623 | IceCv    | Reached skill level 5 in Fire Magic
 25072 | IceCv    | Offered knowledge of Fireball by Vehumet.
 25079 | IceCv    | Learned a level 5 spell: Fireball
 25184 | IceCv    | Noticed an Ice Fiend
 25370 | IceCv    | Identified the +2 hat of Past Mistakes {*Slow +Inv rCorr}
 25430 | IceCv    | Killed an Ice Fiend
 25745 | D:14     | Reached XP level 15. HP: 60/82 MP: 28/42
 26020 | D:14     | Found an iron altar of Okawaru.
 26244 | D:14     | Found a blossoming altar of Fedhas.
 26547 | D:15     | Entered Level 15 of the Dungeon
 26776 | D:15     | Identified the +1 pair of gloves of Valiance {rC+}
 26857 | D:15     | Found a staircase to the Depths.
 26944 | D:15     | Reached skill level 22 in Spellcasting
 27812 | Orc:1    | Entered Level 1 of the Orcish Mines
 27836 | Orc:1    | Found a dark tunnel.
 27839 | Orc:1    | Noticed Josephine
 27843 | Volcano  | Entered a volcano
 28341 | Orc:1    | Killed Josephine
 28434 | Orc:1    | Found Jeorolae's Magic Scroll Emporium.
 28456 | Orc:1    | Bought a scroll of magic mapping for 90 gold pieces
 28456 | Orc:1    | Bought a scroll of identify for 24 gold pieces
 28456 | Orc:1    | Bought a scroll of teleportation for 36 gold pieces
 28456 | Orc:1    | Bought a scroll of identify for 24 gold pieces
 28456 | Orc:1    | Bought a scroll of acquirement for 624 gold pieces
 28456 | Orc:1    | Bought a scroll of teleportation for 36 gold pieces
 28459 | Orc:1    | Acquired the ring "Etoluott" {Fly Str-3 Int+3 Dex+8}
 28513 | Orc:2    | Entered Level 2 of the Orcish Mines
 28888 | Orc:1    | Noticed Erolcha
 28893 | Orc:1    | Killed Erolcha
 29042 | Orc:2    | Found a staircase to the Elven Halls.
 29044 | Orc:2    | Noticed Sonja
 29045 | Orc:2    | Found Oluhogaq's Assorted Antiques.
 29049 | Orc:2    | Killed Sonja
 29070 | Orc:2    | Bought a potion of heal wounds for 125 gold pieces
 29129 | Orc:2    | Noticed Snorg
 29140 | Orc:2    | Killed Snorg
 29164 | Orc:2    | Offered knowledge of Freezing Cloud by Vehumet.
 29210 | Orc:2    | Learned a level 5 spell: Freezing Cloud
 29336 | Orc:2    | Found Kefen's Jewellery Boutique.
 29336 | Orc:2    | Found Caugiph's Armour Boutique.
 29337 | Orc:2    | Found Qyjogaha's Antique Weapon Emporium.
 29337 | Orc:2    | Found Adanenuj's General Store.
 29355 | Orc:2    | Bought a scroll of teleportation for 39 gold pieces
 29484 | Elf:1    | Entered Level 1 of the Elven Halls
 29488 | Elf:1    | Reached skill level 1 in Ice Magic
 29824 | Shoals:1 | Entered Level 1 of the Shoals
 29834 | Shoals:1 | Reached skill level 23 in Spellcasting
 29835 | Shoals:1 | Noticed Jorgrun
 29842 | Shoals:1 | Killed Jorgrun
 30211 | Shoals:1 | Reached XP level 16. HP: 90/90 MP: 42/45
 30216 | Shoals:1 | Noticed Donald
 30223 | Shoals:1 | Killed Donald
 30301 | Shoals:1 | Reached skill level 15 in Conjurations
 30638 | Shoals:1 | Noticed a kraken
 30641 | Shoals:1 | Killed a kraken
 30790 | Shoals:2 | Noticed Polyphemus
 30849 | Shoals:2 | Noticed asti's ghost (adept MiBe)
 30849 | Shoals:2 | Found a runed translucent door.
 30901 | Shoals:2 | Killed Polyphemus
 30902 | Shoals:2 | Noticed Ilsuiw
 31067 | Shoals:2 | Killed Ilsuiw
 31067 | Shoals:2 | Reached ****** piety under Vehumet
 31096 | Shoals:2 | Offered knowledge of Iskenderun's Battlesphere by Vehumet.
 31100 | Shoals:2 | Reached skill level 24 in Spellcasting
 31316 | Shoals:2 | Reached skill level 1 in Necromancy
 31529 | Shoals:2 | Noticed a kraken
 31533 | Shoals:2 | Killed a kraken
 32074 | Shoals:2 | Identified the ring "Rofacebb" {rN+ Dex+2 Slay+4}
 32104 | Shoals:2 | Noticed a tentacled monstrosity
 32108 | Shoals:2 | Killed a tentacled monstrosity
 32177 | Shoals:2 | Got Mnoleg's Codex of Mad Ravings
 32259 | Shoals:2 | Killed asti's ghost
 32531 | Shoals:3 | Reached skill level 10 in Fire Magic
 32774 | Shoals:3 | Reached XP level 17. HP: 96/96 MP: 41/47
 33063 | Shoals:3 | Learned a level 7 spell: Haunt
 33230 | Shoals:3 | Noticed a kraken
 33245 | Shoals:3 | Killed a kraken
 33459 | Shoals:4 | Entered Level 4 of the Shoals
 33631 | Shoals:4 | Reached skill level 25 in Spellcasting
 33638 | Shoals:4 | HP: 3/96 [snapping turtle (18)]
 33961 | Shoals:4 | Reached skill level 5 in Necromancy
 34086 | Shoals:4 | Offered knowledge of Lehudib's Crystal Spear by Vehumet.
 34098 | Shoals:4 | HP: 1/96 [alligator snapping turtle (25)]
 34948 | Shoals:4 | Got a barnacled rune of Zot
 35528 | Temple   | Upgraded the game from 0.30-a0-799-g109b55a442 to
                  | 0.30-a0-800-g7c544603b3
 36051 | Elf:1    | Found Ihae's General Store.
 36059 | Elf:1    | Bought a scroll of teleportation for 54 gold pieces
 36313 | Elf:1    | Got the Teachings on Familiar Conflict
 36655 | Elf:2    | Gained mutation: Armour fits poorly on your strangely
                  | shaped body. [a cacodemon]
 36664 | Elf:2    | Paralysed by an air elemental for 1 turns
 37079 | Elf:2    | Reached XP level 18. HP: 101/101 MP: 40/49
 37084 | Elf:2    | Reached skill level 26 in Spellcasting
 37630 | Elf:2    | Found a runed translucent gate.
 37632 | Elf:2    | Found a runed translucent gate.
 37637 | Elf:2    | Found a runed translucent gate.
 37782 | Elf:2    | Offered knowledge of Chain Lightning by Vehumet.
 37782 | Elf:2    | Offered knowledge of Polar Vortex by Vehumet.
 37782 | Elf:2    | Offered knowledge of Ignition by Vehumet.
 37883 | Elf:2    | Learned a level 8 spell: Ignition
 38395 | Elf:3    | Entered Level 3 of the Elven Halls
 38487 | Elf:3    | Found a flickering gateway to a bazaar.
 38496 | Bazaar   | Entered a bazaar
 38496 | Bazaar   | Found Fuxeem's Jewellery Emporium.
 38496 | Bazaar   | Found Pujex's General Store.
 38665 | Bazaar   | Bought a potion of curing for 33 gold pieces
 38665 | Bazaar   | Bought a potion of curing for 33 gold pieces
 38672 | Bazaar   | Found Jufos's Armour Shoppe.
 38704 | Bazaar   | Found Fon Gam's Assorted Antiques.
 38710 | Bazaar   | Found Kaciugeta's Book Emporium.
 38748 | Bazaar   | Bought the +1 pair of boots of the Trombone {rElec MP+9
                  | Str+2 Int+4 Dex-3} for 535 gold pieces
 38766 | Bazaar   | Bought the amulet of the Four Winds {rN+ Will+++ Clar} for
                  | 667 gold pieces
 38766 | Bazaar   | Found the amulet of the Four Winds {rN+ Will+++ Clar}
 39858 | Elf:3    | Reached skill level 27 in Spellcasting
 40173 | Elf:3    | Identified the +7 sling "Peucirgh" {heavy, Int+2}
 40270 | Elf:3    | Reached XP level 19. HP: 55/108 MP: 34/52
 40430 | Elf:3    | Got the Octavo of Necromantic Liturgies
 41139 | Depths:1 | Entered Level 1 of the Depths
 41172 | Depths:1 | Found a gateway to Hell.
 41404 | Depths:1 | Found a one-way gate to the infinite horrors of the Abyss.
 41635 | Depths:1 | Found a hide-covered altar of Uskayaw.
 42146 | Depths:2 | Noticed Asterion
 42150 | Depths:2 | Killed Asterion
 42402 | Depths:2 | Found Otehum's Assorted Antiques.
 42402 | Depths:2 | Found a snail-covered altar of Cheibriados.
 42468 | Depths:2 | Found a flickering gateway to a bazaar.
 42478 | Bazaar   | Entered a bazaar
 42603 | Bazaar   | Found Deulolas's Magic Scroll Shop.
 42634 | Bazaar   | Found Roseycka's Magic Scroll Shop.
 42639 | Bazaar   | Bought a scroll of acquirement for 416 gold pieces
 42639 | Bazaar   | Bought 3 scrolls of blinking for 180 gold pieces
 42639 | Bazaar   | Bought a scroll of teleportation for 24 gold pieces
 42660 | Bazaar   | Found Efiriz's Distillery.
 42692 | Bazaar   | Found Xopetiass's Distillery.
 42707 | Bazaar   | Bought a potion of curing for 18 gold pieces
 42707 | Bazaar   | Bought a potion of haste for 60 gold pieces
 42707 | Bazaar   | Bought a potion of heal wounds for 30 gold pieces
 42707 | Bazaar   | Bought a potion of heal wounds for 30 gold pieces
 42707 | Bazaar   | Bought a potion of curing for 18 gold pieces
 42707 | Bazaar   | Bought a potion of curing for 18 gold pieces
 42727 | Bazaar   | Bought a potion of heal wounds for 55 gold pieces
 42727 | Bazaar   | Bought a potion of curing for 33 gold pieces
 42727 | Bazaar   | Bought a potion of curing for 33 gold pieces
 42727 | Bazaar   | Bought a potion of curing for 33 gold pieces
 42727 | Bazaar   | Bought a potion of heal wounds for 55 gold pieces
 42727 | Bazaar   | Bought a potion of curing for 33 gold pieces
 42739 | Bazaar   | Acquired 646 gold pieces
 42941 | Depths:2 | Found a one-way gate leading to the halls of Pandemonium.
 43105 | Depths:2 | Found Lodium's Antique Armour Emporium.
 43379 | Depths:2 | Found a shimmering blue altar of Sif Muna.
 43438 | Depths:2 | Noticed an ancient lich
 43443 | Depths:2 | Killed an ancient lich
 43481 | Depths:2 | Noticed a dread lich
 43489 | Depths:2 | Killed a dread lich
 43686 | Depths:2 | Got the Opusculum on Bad Luck and Shadows
 43696 | Depths:2 | Got the Incunable of the Decaying Voyage
 43869 | Depths:2 | Identified the +2 cloak of Patience {rCorr}
 43916 | Depths:2 | Got the Verses on Lamentation and Scree
 44015 | Depths:2 | Found Filadwis's Antique Weapon Shop.
 44065 | Depths:3 | Reached skill level 10 in Fighting
 44862 | Depths:3 | Reached XP level 20. HP: 117/117 MP: 49/53
 44866 | Depths:3 | Noticed a caustic shrike
 44868 | Depths:3 | Noticed a caustic shrike
 44869 | Depths:3 | Noticed a caustic shrike
 44871 | Depths:3 | Killed a caustic shrike
 44871 | Depths:3 | Noticed a caustic shrike
 44876 | Depths:3 | Killed a caustic shrike
 44880 | Depths:3 | Killed a caustic shrike
 44881 | Depths:3 | Reached skill level 10 in Necromancy
 44881 | Depths:3 | Killed a caustic shrike
 45135 | Depths:3 | Identified the +1 leather armour of Dogmatism {rF++ Will+}
 45153 | Depths:3 | Paralysed by a hornet for 2 turns
 45154 | Depths:3 | Reached skill level 15 in Fire Magic
 45911 | Depths:3 | Noticed a golden dragon
 45915 | Depths:3 | Killed a golden dragon
 45936 | Depths:3 | Noticed a golden dragon
 46086 | Depths:3 | Killed a golden dragon
 46146 | Depths:3 | Noticed a juggernaut
 46151 | Depths:3 | Killed a juggernaut
 46529 | Depths:3 | Noticed a golden dragon
 46533 | Depths:3 | Killed a golden dragon
 46595 | Depths:3 | Identified the amulet "Igoemaj" {Acrobat rN+}
 46851 | Depths:4 | Entered Level 4 of the Depths
 46959 | Depths:4 | Noticed a caustic shrike
 46959 | Depths:4 | Found a one-way gateway to a ziggurat.
 46960 | Depths:4 | Noticed a caustic shrike
 46960 | Depths:4 | Noticed a caustic shrike
 47152 | Depths:4 | Reached skill level 10 in Summonings
 47177 | Depths:4 | Reached skill level 10 in Armour
 47457 | Depths:4 | Reached XP level 21. HP: 120/122 MP: 53/54
 47740 | Depths:4 | Noticed a golden dragon
 47741 | Depths:4 | Noticed a golden dragon
 47756 | Depths:4 | Killed a golden dragon
 47757 | Depths:4 | Killed a caustic shrike
 47757 | Depths:4 | Killed a caustic shrike
 47757 | Depths:4 | HP: 6/122 [poisoned by a green draconian (poison gas)]
 47758 | Depths:4 | Mangled by a caustic shrike

Illustrated notes

Levels and vault maps discovered:
D:1:      scummos_arrival_simple_fountains, layout_basic, minmay_3d_cube
D:2:      layout_basic
D:3:      layout_loops_ring, uniq_grinder
D:4:      layout_gridville
D:5:      layout_rooms, mainiacjoe_overflow_24_doors, minmay_temple_entry_ruins,
          portal_sewer_entry_e
D:6:      layout_cave_pools, mainiacjoe_overflow_alcove_1,
          minmay_misc_feat_ornament, kennysheep_generic_room_10
D:7:      layout_basic, nicolae_ossuary_entry_catacombs
D:8:      layout_rooms, lemuel_doored_altar, mainiacjoe_overflow_boulevard,
          mainiacjoe_overflow_paths, grunt_ministairs_10,
          minmay_misc_feat_encased, nicolae_elevator_lobby_plus, uniq_maurice,
          uniq_joseph
D:9:      layout_cave_pods, nicolae_hepliaklqana_monster_ancestors,
          hangedman_abyss_or_decor_passed, kennysheep_generic_room_6
D:10:     layout_stronghold, amethyst_overflow_temple_binary,
          david_lair_generic, minmay_orc_entry_temple_small,
          nicolae_shop_firing_range
D:11:     minmay_diamond_stairs, layout_stronghold, serial_column_ruins,
          column_ruins_hut_pillars, column_ruins_open_tiny,
          column_ruins_columns_dead_end, column_ruins_grid_1,
          kennysheep_small_circle
D:12:     evilmike_iron_armoury, layout_basic, gauntlet_entry_generic,
          special_room [special_room_orc]
D:13:     minmay_inside_and_out, layout_irregular_city,
          nicolae_diode_intersection
D:14:     layout_cave_pools, okawaru_trees_2,
          portal_ice_cave_entry_pillars_three, tgw_fedhas
D:15:     gammafunk_depths_entry_grave, layout_irregular_city,
          chequers_serial_rivers_room_a, minmay_misc_feat_columns
Temple:   eino_narrow_crystal_temple
Lair:1:   layout_chaotic_city, st_stairs_4
Lair:2:   layout_layer_cave, shoals_dummy_entry,
          minmay_snake_entry_guardpost_small, st_stairs_9, columned_hall_lemuel
Lair:3:   layout_cave_shapes
Lair:4:   layout_cave_pods, nicolae_slime_entry_field_trip, serial_bayou_shore_b
Lair:5:   grunt_lair_end_beastmaster, layout_hall_layers, lemuel_fruit_fields
Shoals:1: layout_shoals, uniq_jorgrun, uniq_donald
Shoals:2: dreamdust_from_the_deep, layout_shoals,
          hellmonk_ghost_happy_afterlife, uniq_ilsuiw, uniq_polyphemus
Shoals:3: nzn_motion_control, layout_shoals, nzn_prometheus_bound
Shoals:4: shoals_end_hangedman, layout_shoals
Orc:1:    layout_diamond_mine, enter_volcano_2, serial_shops, shop,
          lemuel_statue_altar, mines2_david, uniq_josephine, uniq_erolcha
Orc:2:    st_orc_elflike, layout_diamond_mine, serial_shops,
          nicolae_shop_overgrown_old_shop, uniq_sonja, uniq_snorg
Elf:1:    minmay_elf_arrival_circle, layout_geoelf_octagon, serial_shops,
          nicolae_shop_trees, minmay_elf_sorcery, hex_intersection,
          hellmonk_bongcloud_opening
Elf:2:    nicolae_elf_blades_splatter_lattice
          [nicolae_vaults_blade_armed_guards], layout_loops_ring, serial_glass,
          glass_columns_b, glass_columns_b
Elf:3:    minmay_elf_hall, layout_geoelf_diagonals, serial_shops, freezing_bzr
Depths:1: layout_long_grid, abyss_entry, pf_coc_iceberg, dancing_weapons_uskayaw
Depths:2: evilmike_library_of_no_secrets, layout_cave_pools, serial_shops,
          bzr_entry_lakeside, shop, nicolae_shop_crystal,
          nicolae_shop_window_shopping, abyss_entry, minmay_misc_feat_plants,
          grunt_pan_entry_sceptre, hell_entry, cheibriados_altar_1,
          uniq_asterion
Depths:3: grunt_twisty_corner, layout_cave_pools, moated_statue, hell_entry,
          abyss_entry
Depths:4: grunt_zot_entry_hairpin, layout_basic, enter_ziggurat_a,
          serial_sigils_hangedman_gnaw, abyss_entry_small_statue_room,
          hell_entry, nzn_life_drinkers

Skill      XL: |  1  2  3  4  5  6  7  8  9 10 11 12 13 14 15 16 17 18 19 20 21 |
---------------+----------------------------------------------------------------+-----
Spellcasting   | 5 6 8 10 12 14 16 18 19 21 23 24 25 27 | 27.0
Armour         | 1 2 4 5 6 7 8 10 | 10.3
Fighting       | 1 3 4 5 6 7 8 10 | 10.0
Conjurations   | 2 5 6 8 9 10 11 12 13 14 15 16 17 18 20 | 20.9
Dodging        | 3 |  3.0
Stealth        | 3 |  3.1
Air Magic      | 1 |  1.0
Earth Magic    | 2 5 7 8 10 | 10.0
Evocations     | 1 |  1.0
Poison Magic   | 1 |  1.1
Shields        | 1 2 4 5 6 |  6.0
Summonings     | 3 5 7 9 10 | 10.0
Fire Magic     | 2 6 8 10 11 12 14 15 16 | 16.0
Ice Magic      | 2 |  2.0
Necromancy     | 3 6 8 9 11 | 11.0
Translocations | |  1.1

Action                     |  1- 3 |  4- 6 |  7- 9 | 10-12 | 13-15 | 16-18 | 19-21 || total
---------------------------+-------+-------+-------+-------+-------+-------+-------++-------
  Melee: Dagger            |     3 |    18 |       |       |       |       |       ||    21
         Flail             |       |    15 |   170 |   233 |    64 |       |       ||   482
         Punch             |       |       |     4 |     3 |       |       |       ||     7
         Staff             |       |       |       |       |    22 |     1 |     2 ||    25
         Rapier            |       |       |       |       |    10 |       |       ||    10
   Cast: Magic Dart        |    69 |   128 |   185 |   132 |    12 |     7 |     2 ||   535
         Mephitic Cloud    |     2 |     3 |    27 |    73 |    37 |       |     3 ||   145
         Call Imp          |     1 |     5 |    14 |     5 |     1 |     2 |       ||    28
         Blink             |       |     1 |     3 |     6 |     2 |     4 |     1 ||    17
         Iskenderun's Myst |       |       |     2 |    44 |       |       |       ||    46
         Lee's Rapid Decon |       |       |       |   111 |    96 |       |       ||   207
         Iron Shot         |       |       |       |       |   143 |    89 |   107 ||   339
         Flame Wave        |       |       |       |       |     7 |       |     1 ||     8
         Starburst         |       |       |       |       |    90 |     9 |    11 ||   110
         Fireball          |       |       |       |       |   136 |   489 |   243 ||   868
         Freezing Cloud    |       |       |       |       |       |     1 |    14 ||    15
         Ignition          |       |       |       |       |       |       |    16 ||    16
  Evoke: Wand              |       |       |     7 |     5 |       |     1 |     2 ||    15
         Phial of floods   |       |       |       |       |       |     1 |       ||     1
    Use: Potion            |       |       |     1 |       |     1 |     3 |     2 ||     7
         Scroll            |       |       |       |    14 |    18 |     3 |     5 ||    40
   Stab: Distracted        |       |     1 |       |     1 |       |       |       ||     2
         Confused          |       |     2 |     7 |    39 |    25 |       |       ||    73
         Sleeping          |       |     1 |     2 |     1 |       |       |       ||     4
 Armour: Robe              |     4 |     8 |       |       |       |       |       ||    12
         Leather armour    |       |       |   155 |   141 |    65 |    15 |    47 ||   423
         Ring mail         |       |       |       |       |    30 |    14 |       ||    44
         Skin              |       |       |       |       |     2 |       |       ||     2
  Dodge: Dodged            |     6 |    41 |   183 |   200 |   115 |    25 |    26 ||   596
  Block: Buckler           |       |       |       |    38 |   104 |    23 |    19 ||   184

Table legend: (Time is in decaauts)
 A = Elapsed time spent in this place.
 B = Non-inter-level travel time spent in this place.
 C = Inter-level travel time spent in this place.
 D = Time resting spent in this place.
 E = Time spent auto-exploring this place.
 F = Levels seen in this place.
 G = Mean time per level.
                   A        B        C        D        E       F      G
               +--------+--------+--------+--------+--------+-----+--------+
         Total |  48570 |  43870 |   4700 |   6255 |  28273 |  41 | 1184.6 |
       Dungeon |  18776 |  15847 |   2929 |    882 |  11731 |  15 | 1251.7 |
        Temple |    216 |    194 |     22 |      0 |      0 |   1 |  216.0 |
          Lair |   7408 |   6803 |    605 |    977 |   4508 |   5 | 1481.6 |
        Shoals |   5976 |   5670 |    306 |   1032 |   3685 |   4 | 1494.0 |
  Orcish Mines |   1514 |   1375 |    139 |    258 |    818 |   2 |  757.0 |
   Elven Halls |   4617 |   4302 |    315 |   1040 |   2354 |   3 | 1539.0 |
        Depths |   6381 |   6000 |    381 |   1664 |   3329 |   4 | 1595.2 |
        Bazaar |    580 |    580 |      0 |      0 |    460 |   2 |  290.0 |
         Sewer |    216 |    216 |      0 |      0 |    164 |   1 |  216.0 |
       Ossuary |    627 |    627 |      0 |     63 |    240 |   1 |  627.0 |
      Ice Cave |   1360 |   1360 |      0 |    282 |    650 |   1 | 1360.0 |
       Volcano |    494 |    494 |      0 |     53 |    330 |   1 |  494.0 |
      Gauntlet |    401 |    401 |      0 |      3 |      1 |   1 |  401.0 |
               +--------+--------+--------+--------+--------+-----+--------+

Top non-repeatable levels by time:
Depths:2: 2327 daAuts
  Lair:2: 2231 daAuts
Depths:3: 2074 daAuts
     D:7: 2009 daAuts
Shoals:4: 1986 daAuts
   Elf:3: 1869 daAuts
  Lair:4: 1710 daAuts
     D:8: 1654 daAuts
   Elf:2: 1598 daAuts
Shoals:2: 1562 daAuts
    D:10: 1538 daAuts
     D:9: 1388 daAuts
    D:12: 1373 daAuts
   IceCv: 1360 daAuts
     D:2: 1320 daAuts
